 Dungeon Crawl Stone Soup version 0.31-a0-960-g0fca184906 (webtiles) character file.

Game seed: 6093675469045319378

65 Mgcat the Trooper (level 4, 0/31 HPs)
             Began as an Octopode Fighter on Oct 23, 2023.
             Slain by a gnoll
             ... wielding a +0 spear
              (4 damage)
             ... on level 4 of the Dungeon.
             The game lasted 00:02:07 (1130 turns).

Mgcat the Trooper (Octopode Fighter)                Turns: 1130, Time: 00:02:08

Health: 0/31       AC:  1    Str: 17    XL:     4   Next: 13%
Magic:  4/4        EV: 13    Int: 10    God:
Gold:   115        SH:  4    Dex: 11    Spells: 3/3 levels left

rFire   . . .        a - +0 war axe (chaos)
rCold   . . .        b - +0 buckler
rNeg    . . .        (helmet restricted)
rPois   .            (no amulet)
rElec   .            (no ring)
rCorr   .            (no ring)
SInv    .            (no ring)
Will    .....        (no ring)
Stlth   +++          (no ring)
HPRegen 0.25/turn    (no ring)
MPRegen 0.09/turn    (no ring)
                     (no ring)

%: no passive effects
@: about to teleport, weak-willed
A: almost no armour, amphibious, 8 rings, camouflage 1, gelatinous body 1,
(nimble swimmer 1), tentacles
a: no special abilities


You were on level 4 of the Dungeon.
You visited 1 branch of the dungeon, and saw 3 of its levels.

You collected 115 gold pieces.

Inventory:

Hand Weapons
 a - a +0 war axe of chaos (weapon)
Missiles
 f - 22 stones
Armour
 b - a +0 buckler (worn)
Scrolls
 d - a scroll of brand weapon
 e - a scroll of vulnerability {!r!r}
 h - a scroll of amnesia {unknown}
 k - 2 scrolls of poison {!r}
Potions
 c - a potion of might
 g - a potion of heal wounds {unknown}
 i - a potion of ambrosia {unknown}


   Skills:
 + Level 3.3 Fighting
 * Level 2.9 Axes
 + Level 3.2 Dodging
 * Level 2.3 Stealth
 + Level 3.3 Shields


You had 3 spell levels left.
You didn't know any spells.
Your spell library contained the following spells:

 Spells                   Type           Power      Damage    Failure   Level
 Kiss of Death            Conj/Necr      0%         2d5       43%         1
 Confusing Touch          Hex            0%         N/A       82%         3
 Dispel Undead            Necr           0%         3d6       99%         4


Dungeon Overview and Level Annotations

Branches:
Dungeon (2/15)

Altars:


Innate Abilities, Weirdness & Mutations

You cannot wear most types of armour.
You are amphibious.
You can wear up to eight rings at the same time.
Your skin changes colour to match your surroundings (Stealth+).
Your rubbery body absorbs attacks. (AC +1, EV +1)
((You are camouflaged when in or above water. (Stealth+)))
You have tentacles for arms and can constrict up to eight enemies at once.


Message History

Health restored: 31 You now have 46 gold pieces (gained 5).
You see here a +0 club.
A malevolent force fills the Dungeon...
You fall into a shaft and drop 2 floors!
The shaft crumbles and collapses.
e - 2 scrolls labelled CUBUK DEEMUT (gained 1) Unknown command.
Unknown command.
Unknown command.
Unknown command.
You now have 55 gold pieces (gained 9).
You now have 64 gold pieces (gained 9).
You now have 70 gold pieces (gained 6).
You now have 80 gold pieces (gained 10).
You now have 90 gold pieces (gained 10).
Key pressed, stopping explore.
Unknown command.
Unknown command.
Unknown command.
Unknown command.
You now have 95 gold pieces (gained 5).
You now have 107 gold pieces (gained 12).
You now have 115 gold pieces (gained 8).
You open the door.
There is an open door here.
You open the door.
There is an open door here.
As you open the large door, it creaks loudly! 3 orcs, 7 gnolls, 2 orc wizards and a kobold brigand come into view.
An orc is wielding a +3 heavy mace.
The kobold brigand is wielding a +0 short sword and quivering poisoned darts.
The orc shouts!
The orc wizard shouts!
The kobold brigand shouts!
The gnoll shouts! x2; The orc wizard shouts!
The gnoll bouda shouts!
The orc shouts!
The gnoll shouts! x3; The orc shouts!
You hear a shout! x2
The gnoll closely misses you.
The orc moves out of view.
PANIC x9: gnoll x5, gnoll bouda, orc wizard x2, gnoll (wandering)!
Unknown command.
Lua error: [string "/dgldir/rcfiles/crawl-git/Mgcat.rc"]:941: invalid capture index Unknown command.
Lua error: [string "/dgldir/rcfiles/crawl-git/Mgcat.rc"]:941: invalid capture index Unknown command.
Lua error: [string "/dgldir/rcfiles/crawl-git/Mgcat.rc"]:941: invalid capture index Unknown command.
PANIC x9: gnoll x5, gnoll bouda, orc wizard x2, gnoll (wandering)!
Unknown command.
Lua error: [string "/dgldir/rcfiles/crawl-git/Mgcat.rc"]:941: invalid capture index Unknown command.
Lua error: [string "/dgldir/rcfiles/crawl-git/Mgcat.rc"]:941: invalid capture index
Okay, then.
Lua error: [string "/dgldir/rcfiles/crawl-git/Mgcat.rc"]:941: invalid capture index Unknown command.
PANIC x9: gnoll x5, gnoll bouda, orc wizard x2, gnoll (wandering)!
The kobold brigand hits you with a +0 short sword!
The gnoll attacks as it pursues you! The gnoll misses you.
There is an open door here.
You take 7 damage, and have 24/31 hp.
MASSIVE DAMAGE!!
Danger x6: orc wizard x2, gnoll x3, gnoll (wandering)!
Danger x4: gnoll x2, orc wizard x2!
The air fills with toxic fumes!
As you read the scroll labelled YPACIA UCUWUE, it crumbles to dust.
It was a scroll of poison.
You block the orc wizard's attack.
The orc wizard mumbles some strange words.
The orc wizard flickers and vanishes!
Deactivating autopickup; reactivate with Ctrl-A.
You hear a shout!
Warning x3: The gnoll can hit for moderate damage in melee, and throws nets!
The gnoll bouda can hit for moderate damage in melee, and throws nets!
The orc wizard might cast Slow, Confuse, Throw Flame, Throw Frost, or go Invisible!
As you read the scroll labelled CUBUK DEEMUT, it crumbles to dust.
Magic quickly surges around you.
It was a scroll of vulnerability.
You hear a shout!
The orc wizard gestures wildly while chanting.
The orc wizard flickers and vanishes!
Warning x2: The gnoll bouda (weak-willed) can hit for moderate damage in melee, and throws nets!
The gnoll (weak-willed) can hit for moderate damage in melee, and throws nets!
As you read the scroll labelled DAOR JEPREUF, it crumbles to dust.
It is a scroll of brand weapon.
Your +0 war axe erupts in a glittering mayhem of colour.
a - a +0 war axe of chaos (weapon)
Something hits you.
You take 3 damage, and have 21/31 hp.
Warning x2: The gnoll bouda (weak-willed) can hit for moderate damage in melee, and throws nets!
The gnoll (weak-willed) can hit for moderate damage in melee, and throws nets!
As you read the scroll labelled MESMYG ASOBIOZ, it crumbles to dust.
It is a scroll of identify.
j - a scroll of teleportation Something completely misses you.
The kobold brigand throws a poisoned dart.
Spoiler Alert: The gnoll can hit for moderate damage in melee, and throws nets!
As you read the scroll of teleportation, it crumbles to dust.
You feel strangely unstable. Something hits you. The gnoll closely misses you.
You take 4 damage, and have 17/31 hp.
Warning x2: The gnoll can hit for moderate damage in melee, and throws nets! x2
Unknown command.
Unknown command.
Unknown command.
Unknown command.
You miss something. Your squeeze misses something.
You hear some strange, mumbled words.
A puff of flame appears from out of thin air!
The puff of flame hits you!
* * * LOW HITPOINT WARNING * * *
The gnoll hits you from afar with a +0 spear.
You die...

#####++######
........§§$.
.g.g..§§§..
###### ...{g§o§.
#....# g.§o§§
#....#########go#
#....§☼§§§☼§@{K§+
#################


You could see a kobold brigand (weak-willed), 2 gnolls and 3 orcs.

Vanquished Creatures
  A gnoll (D:1)
  An adder (D:2)
  A dart slug (D:1)
  7 ball pythons (D:1)
  5 endoplasms (D:1)
  A giant cockroach (D:1)
  4 goblins
  3 hobgoblins (D:1)
  2 quokkas (D:1)
  4 bats (D:1)
  3 frilled lizards
  6 kobolds
  2 rats (D:1)
  A spectral kobold (D:1)
41 creatures vanquished.

Notes
Turn   | Place    | Note
-------+----------+-------------------------------------------
     0 | D:1      | Mgcat the Octopode Fighter began the quest for the Orb.
     0 | D:1      | Reached XP level 1. HP: 16/16 MP: 1/1
    61 | D:1      | Reached skill level 1 in Stealth
    64 | D:1      | Reached XP level 2. HP: 18/21 MP: 2/2
   267 | D:1      | Reached XP level 3. HP: 26/26 MP: 3/3
   404 | D:1      | Found a faded altar of an unknown god.
   421 | D:1      | Reached skill level 2 in Stealth
   962 | D:2      | HP: 6/26 [frilled lizard (1)]
   964 | D:2      | Reached XP level 4. HP: 6/31 MP: 4/4
  1088 | D:2      | You fall into a shaft and drop 2 floors!
  1122 | D:4      | Noticed a kobold brigand
  1130 | D:4      | HP: 4/31 [something/puff of flame (14)]
  1130 | D:4      | Slain by a gnoll

Illustrated notes

Levels and vault maps discovered:
D:1:      heliophobic_arrival_ceremonial_halls, layout_basic,
          dreamdust_ecumenical_altar_drowned_temple, minmay_pentomino_o4
D:2:      layout_rooms, basic_altar, serial_shops, nicolae_shop_waterfront,
          glass_columns_c, uniq_robin, uniq_sigmund
D:4:      lemuel_castle_with_subvaults [lemuel_castle_interior_original],
          layout_gridville, minmay_temple_entry_stoned_glass, minmay_crossroads

Skill      XL: |  1  2  3 |
---------------+----------+-----
Stealth        | 1 2 |  2.3
Fighting       | |  3.3
Axes           | |  2.9
Dodging        | |  3.2
Shields        | |  3.3

Action                     |  1- 3 |  4- 6 || total
---------------------------+-------+-------++-------
  Melee: War axe           |    66 |     2 ||    68
         Constrict         |    10 |       ||    10
         Tentacles         |     3 |     1 ||     4
         Punch             |     1 |       ||     1
    Use: Scroll            |       |     5 ||     5
   Stab: Sleeping          |     7 |       ||     7
 Armour: Skin              |    37 |     5 ||    42
  Dodge: Dodged            |    44 |     4 ||    48
  Block: Buckler           |    12 |     1 ||    13

Table legend: (Time is in decaauts)
 A = Elapsed time spent in this place.
 B = Non-inter-level travel time spent in this place.
 C = Inter-level travel time spent in this place.
 D = Time resting spent in this place.
 E = Time spent auto-exploring this place.
 F = Levels seen in this place.
 G = Mean time per level.
                   A        B        C        D        E       F      G
               +--------+--------+--------+--------+--------+-----+--------+
         Total |   1158 |   1123 |     35 |    144 |    728 |   3 |  386.0 |
       Dungeon |   1158 |   1123 |     35 |    144 |    728 |   3 |  386.0 |
               +--------+--------+--------+--------+--------+-----+--------+

Top non-repeatable levels by time:
     D:1: 914 daAuts
     D:2: 202 daAuts
     D:4: 41 daAuts

Levels and vault maps discovered:
D:1:      heliophobic_arrival_ceremonial_halls, layout_basic,
          dreamdust_ecumenical_altar_drowned_temple, minmay_pentomino_o4
D:2:      layout_rooms, basic_altar, serial_shops, nicolae_shop_waterfront,
          glass_columns_c, uniq_robin, uniq_sigmund
D:4:      lemuel_castle_with_subvaults [lemuel_castle_interior_original],
          layout_gridville, minmay_temple_entry_stoned_glass, minmay_crossroads

Table legend: (Time is in decaauts)
 A = Elapsed time spent in this place.
 B = Non-inter-level travel time spent in this place.
 C = Inter-level travel time spent in this place.
 D = Time resting spent in this place.
 E = Time spent auto-exploring this place.
 F = Levels seen in this place.
 G = Mean time per level.
                   A        B        C        D        E       F      G
               +--------+--------+--------+--------+--------+-----+--------+
         Total |   1158 |   1123 |     35 |    144 |    728 |   3 |  386.0 |
       Dungeon |   1158 |   1123 |     35 |    144 |    728 |   3 |  386.0 |
               +--------+--------+--------+--------+--------+-----+--------+

Top non-repeatable levels by time:
     D:1: 914 daAuts
     D:2: 202 daAuts
     D:4: 41 daAuts

Table legend:
 A = Kills in this place as a percentage of kills in the entire game.
 B = Kills by you in this place as a percentage of kills by you in the entire game.
 C = Kills by friends in this place as a percentage of kills by friends in the entire game.
 D = Other kills in this place as a percentage of other kills in the entire game.
 E = Experience gained in this place as a percentage of experience gained in the entire game.
 F = Experience gained in this place divided by the number of levels of this place that you have seen.
                   A       B       C       D       E      F
               +-------+-------+-------+-------+-------+----------------------
         Total | 100.0 | 100.0 |   N/A |   N/A | 100.0 |  31.0
       Dungeon | 100.0 | 100.0 |   N/A |   N/A | 100.0 |  31.0
               +-------+-------+-------+-------+-------+----------------------
